 Dungeon Crawl Stone Soup version 0.31.0-32-g396128a36d (webtiles) character file.

Game seed: 8697227402095263032

643 Alphaeus the Ruffian (level 7, 0/66 HPs)
             Began as a Troll Shapeshifter on Mar 18, 2024.
             Was an Initiate of Cheibriados.
             Slain by a gnoll sergeant
             ... wielding a +0 spear
              (8 damage)
             ... on level 5 of the Dungeon.
             The game lasted 00:04:46 (2931 turns).

Alphaeus the Ruffian (Troll Shapeshifter)           Turns: 2931, Time: 00:04:47

Health: 0/66       AC:  7    Str: 26    XL:     7   Next: 26%
Magic:  6/6        EV:  9    Int: 10    God:    Cheibriados [......]
Gold:   174        SH:  0    Dex: 10    Spells: 6/6 levels left

rFire   . .          .
                       - Unarmed
rCold   . . .        (no shield)
rNeg    . . .        u - +3 toga "Victory" {*Victory Int+3 Slay+3 Clar}
rPois   .            (helmet currently unavailable)
rElec   .            (cloak currently unavailable)
rCorr   .            (gloves unavailable)
SInv    .            (boots unavailable)
Will    .....        (no amulet)
Stlth   +            (no ring)
HPRegen 1.11/turn    (no ring)
MPRegen 0.10/turn

%: clarity
@: beast-form, very slow
A: beast (slay +3), large, unfitting armour, claws 3, regeneration 1, shaggy fur
1, tough skin 1
a: Begin Untransformation, Renounce Religion


You were on level 5 of the Dungeon.
You worshipped Cheibriados.
Cheibriados was noncommittal.
You were a hulking beast.
You visited 2 branches of the dungeon, and saw 6 of its levels.

You collected 174 gold pieces.

Inventory:

Missiles
 j - 3 large rocks (quivered)
Armour
 a - a +0 animal skin
 u - the +3 toga "Victory" (worn) {*Victory Int+3 Slay+3 Clar}
   (You found it on level 4 of the Dungeon)

   *Victory:  When the wearer kills a threatening monster, it has a chance to
   gain +1 AC, +1 Slay, and +1 Int, capping at +7.
   When the wearer uses a scroll or a potion with a hostile monster in sight,
   its bonuses reset to +0.
   Unequipping it also resets its bonuses to +0.
   Int+3:     It affects your intelligence (+3).
   Slay+3:    It affects your accuracy & damage with ranged weapons and melee
   (+3).
   Clar:      It protects you from confusion, rage, mesmerisation and fear.
Talismans
 c - a beast talisman
 d - a flux talisman
Wands
 B - a wand of polymorph (12)
Scrolls
 e - 4 scrolls of amnesia {unknown}
 g - 8 scrolls of identify {unknown}
 h - a scroll of vulnerability {unknown}
 i - 4 scrolls of teleportation {unknown}
 m - 2 scrolls of immolation {unknown}
 o - 2 scrolls of noise {unknown}
 s - a scroll of enchant weapon {unknown}
 t - a scroll of silence {unknown}
 y - a scroll of torment {unknown}
 z - a scroll of summoning {unknown}
Potions
 b - 2 potions of lignification
 f - 2 potions of heal wounds {unknown}
 k - 2 potions of resistance {unknown}
 l - 4 potions of berserk rage {unknown}
 n - a potion of degeneration {unknown}
 p - 2 potions of magic {unknown}
 q - 2 potions of cancellation {unknown}
 r - a potion of haste {unknown}
 v - a potion of curing {unknown}
 w - 2 potions of brilliance {unknown}
 x - a potion of ambrosia {unknown}
 A - a potion of invisibility {unknown}


   Skills:
 + Level 2.9 Fighting
 - Level 1.5 Dodging
 * Level 5.8 Unarmed Combat
 * Level 5.4 Shapeshifting


You had 6 spell levels left.
You didn't know any spells.
Your spell library contained the following spells:

 Spells                   Type           Power      Damage    Failure   Level
 Apportation              Tloc           0%         N/A       36%         1
 Necrotise                Necr           0%         1d4       36%         1
 Sting                    Conj/Alch      0%         1d3       36%         1
 Summon Small Mammal      Summ           0%         N/A       36%         1


Dungeon Overview and Level Annotations

Branches:
Dungeon (5/15)             Temple (1/1) D:4

Altars:
Ashenzari
Cheibriados
Dithmenos
Okawaru
Uskayaw
Xom
Yredelemnul
Zin
Lugonu

Shops:
D:1 ?   D:5 =


Innate Abilities, Weirdness & Mutations

You are a hulking beast.
Your limbs bulge with bestial killing power. (Slay +3)
You are too large for most types of armour.
You have claws for hands.
Your natural rate of healing is unusually fast.
You are covered in fur. (AC +1)
You have tough skin. (AC +1)


Message History

The gnoll hits you with a +0 whip.
You shred the net and break free!
An adder comes into view.
The gnoll sergeant misses you.
The gnoll hits you from afar with a +0 spear.
The gnoll barely misses you.
The adder hisses angrily.
The gnoll closely misses you.
The gnoll throws a throwing net.
The throwing net closely misses you. The gnoll sergeant barely misses you.
The gnoll closely misses you.
You mangle the gnoll!!
You kill the gnoll!
Cheibriados appreciates the change of pace.
The gnoll sergeant hits you from afar with a +0 spear!
The gnoll hits you with a +2 whip of pain.
The gnoll hits you from afar with a +0 spear!
You closely miss the gnoll.
The gnoll sergeant hits you from afar with a +0 spear!
* * * LOW HITPOINT WARNING * * *
Okay, then.
The gnoll attacks as it pursues you! The gnoll hits you but does no damage.
The gnoll hits you with a +2 whip of pain.
* * * LOW HITPOINT WARNING * * *
The gnoll hits you but does no damage.
The gnoll sergeant attacks as it pursues you!
The gnoll sergeant hits you but does no damage.
The gnoll hits you from afar with a +0 spear.
* * * LOW HITPOINT WARNING * * *
The gnoll sergeant hits you from afar with a +0 spear.
* * * LOW HITPOINT WARNING * * *
The gnoll barely misses you.
You see here a throwing net.
The gnoll sergeant hits you but does no damage.
The gnoll sergeant hits you with a +0 spear!
* * * LOW HITPOINT WARNING * * *
The gnoll sergeant hits you with a +0 spear!
* * * LOW HITPOINT WARNING * * *
The gnoll sergeant blocks your attack.
The gnoll sergeant hits you with a +0 spear!
You die...

#
#...........#
#
###'#########
# #.# # #.# #
####.# ###
#gS..# ..#
#g#..# #.###
#g#gg# ......
#h#gS##
#.###.
#.#gSY# ##
#.##g.# # .#
#.##..# .# .#
..##..# ## #
......+
........ #
.......# .
.........


You could see a gnoll sergeant, 2 gnolls and an adder.

Vanquished Creatures
  A phantom (D:5)
  Blork the orc (D:5)
  A jelly (D:5)
  2 hounds (D:4)
  An orc priest (D:5)
  A gnoll bouda (D:5)
  2 orc wizards (D:3)
  7 adders
  13 gnolls
  3 dart slugs
  A ribbon worm (D:2)
  17 orcs
  4 ball pythons
  7 endoplasms
  A giant cockroach (D:2)
  A goblin (D:3)
  8 hobgoblins
  6 jackals
  3 quokkas
  6 bats
  3 frilled lizards
  6 kobolds
  11 rats
106 creatures vanquished.

Notes
Turn   | Place    | Note
-------+----------+-------------------------------------------
     0 | D:1      | Alphaeus the Troll Shapeshifter began the quest for the
                  | Orb.
     0 | D:1      | Reached XP level 1. HP: 18/18 MP: 0/0
    86 | D:1      | Reached skill level 1 in Fighting
   104 | D:1      | Reached XP level 2. HP: 25/27 MP: 1/1
   163 | D:1      | Found Yfige's Magic Scroll Boutique.
   748 | D:2      | Reached XP level 3. HP: 33/33 MP: 2/2
   971 | D:2      | Reached XP level 4. HP: 39/41 MP: 3/3
  1354 | D:3      | Reached XP level 5. HP: 47/49 MP: 4/4
  1924 | D:4      | Found the +0 toga "Victory" {*Victory Clar}
  2053 | D:4      | Reached XP level 6. HP: 24/57 MP: 5/5
  2306 | D:4      | Found a staircase to the Ecumenical Temple.
  2319 | Temple   | Entered the Ecumenical Temple
  2335 | Temple   | Became a worshipper of Cheibriados the Contemplative
  2445 | D:4      | Reached skill level 5 in Unarmed Combat
  2557 | D:5      | Entered Level 5 of the Dungeon
  2562 | D:5      | Noticed Blork the orc
  2575 | D:5      | Killed Blork the orc
  2659 | D:5      | Reached skill level 5 in Shapeshifting
  2726 | D:5      | Reached XP level 7. HP: 60/66 MP: 6/6
  2810 | D:5      | Found Pigugh's Jewellery Shoppe.
  2931 | D:5      | Slain by a gnoll sergeant

Illustrated notes

Levels and vault maps discovered:
D:1:      elethiomel_arrival_infinity_welcomes_careful_drivers, layout_rooms,
          serial_shops, nicolae_shop_crystal, serial_forest,
          infiniplex_forest_lined_2, infiniplex_forest_lined_ring,
          infiniplex_forest_clump_C, infiniplex_forest_clump_small,
          infiniplex_forest_end_double, serial_bayou_lagoon_b
D:2:      layout_rooms
D:3:      layout_loops_ring, nrook_loot_triangle, kennysheep_generic_room_3
D:4:      layout_loops_cross, temple_green, cheibrodos_gnoll_hut
D:5:      layout_basic, elyvilon_altar_5, serial_shops, shop,
          gammafunk_ghost_hive, uniq_blork_the_orc
Temple:   corrupted_temple

Skill      XL: |  1  2  3  4  5  6 |
---------------+-------------------+-----
Fighting       | 1 2 |  2.9
Unarmed Combat | 4 5 |  5.8
Shapeshifting  | 4 5 |  5.4
Dodging        | |  1.5

Action                     |  1- 3 |  4- 6 |  7- 9 || total
---------------------------+-------+-------+-------++-------
  Melee: Unarmed           |    82 |   171 |    16 ||   269
         Punch             |     2 |     5 |     1 ||     8
 Armour: Animal skin       |    53 |    85 |       ||   138
         Robe              |       |    46 |    29 ||    75
  Dodge: Dodged            |    41 |    94 |    12 ||   147
